 Dungeon Crawl Stone Soup version 0.28-a0-1486-g8196b01e9b (webtiles) character file.

Game seed: 3754009761747938399

50 Nattfarinn the Sneak (level 4, -4/26 HPs)
             Began as a Kobold Brigand on Jan 12, 2022.
             Killed by divine providence
             ... invoked by an orc priest
              (15 damage)
             ... on level 3 of the Dungeon.
             The game lasted 00:01:30 (1843 turns).

Nattfarinn the Sneak (Kobold Brigand)               Turns: 1843, Time: 00:01:33

Health: -4/26      AC:  3    Str:  8    XL:     4   Next: 4%
Magic:  4/4        EV: 14    Int: 12    God:
Gold:   86         SH:  0    Dex: 18    Spells: 3/3 levels left

rFire   . . .      SeeInvis .   h - +4 short sword (venom)
rCold   . . .      Faith    .   (no shield)
rNeg    . . .      Spirit   .   b - +0 robe
rPois   .          Reflect  .   (no helmet)
rElec   .          Harm     .   c - +0 cloak
rCorr   .          Rampage  .   (no gloves)
Will    .....                   (no boots)
Stlth   ++++......              (no amulet)
HPRegen 0.08/turn               (no ring)
MPRegen 0.09/turn               (no ring)

@: no status effects
A: small, no large weapons, nightstalker 3
a: no special abilities


You were on level 3 of the Dungeon.
You visited 1 branch of the dungeon, and saw 3 of its levels.

You collected 86 gold pieces.

Inventory:

Hand Weapons
 a - a +2 dagger
 h - a +4 short sword of venom (weapon)
Missiles
 d - 8 poisoned darts (quivered)
 e - 2 curare-tipped darts
Armour
 b - a +0 robe (worn)
 c - a +0 cloak (worn)
Scrolls
 f - 4 scrolls of teleportation {unknown}
 g - a scroll of vulnerability {unknown}
 i - a scroll of fear {unknown}
Potions
 j - a potion of lignification {unknown}


   Skills:
 - Level 2.1 Fighting
 * Level 4.6 Short Blades
 - Level 2.1 Throwing
 - Level 1.2 Dodging
 + Level 6.0 Stealth


You had 3 spell levels left.
You didn't know any spells.
Your spell library contained the following spells:

 Spells                   Type           Power      Damage    Failure   Level
 Ensorcelled Hibernation  Hex/Ice        0%         N/A       45%         2
 Passwall                 Tmut/Erth      0%         N/A       45%         2
 Gell's Gravitas          Tloc           0%         N/A       69%         3
 Swiftness                Air            0%         N/A       69%         3
 Teleport Other           Tloc           0%         N/A       69%         3
 Dispersal                Tloc           0%         N/A       100%        6


Dungeon Overview and Level Annotations

Branches:
Dungeon (3/15)

Altars:


Innate Abilities, Weirdness & Mutations

You are small and have problems with some larger weapons.
You are completely attuned to the shadows.


Message History

You have reached level 4!
Found 15 stones.
You see here 15 stones.
A hobgoblin comes into view.
The hobgoblin closely misses you.
You hit the hobgoblin.
The hobgoblin is poisoned.
The hobgoblin is severely wounded.
The hobgoblin closely misses you.
You puncture the hobgoblin!
You kill the hobgoblin!
No target in view!
You see here a hobgoblin corpse.
Found a spear.
An orc priest, an orc wizard and an adder come into view.
The orc priest shouts!
The orc wizard shouts!
You hear a shout!
An orc comes into view. It is wielding a +0 whip.
An orc priest comes into view. It is wielding a +0 club.
There are monsters nearby!
The orc priest hits you but does no damage.
You hit the orc priest.
The orc priest is lightly wounded.
You hit the orc priest.
The orc priest is poisoned.
The orc priest is heavily wounded.
The orc priest invokes the aid of Beogh against you.
Beogh smites you!
Ouch! That really hurt!
An orc comes into view. It is wielding a +0 mace.
The orc shouts!
You hear a shout!
You hit the orc priest.
The orc priest looks as sick as possible!
The orc priest is severely wounded.
You hear an angry hiss.
The orc priest closely misses you.
You hit the orc priest.
The orc priest is almost dead.
You kill the orc priest!
The orc priest mumbles some strange prayers to Beogh against you.
Beogh smites you!
Ouch! That really hurt!
You die...

....o..# #.......#
.......# #.....#.#
.....o.# #######.#
######.# #.# #o# #.#
#o# #.# #.# #.#
####o######## #.#
....)@......# #.#
##############.######.#
#.# #...........<#(#
#.# #.#
#.############.# #.#
#.# ##.############.#
#.# #.#
................# #.#
#.# ##.##############
#.# #.# ...# #.# #.#
#### #.# #.#


You could see an orc priest, an orc wizard and an orc.

Vanquished Creatures
  An orc priest (D:3)
  An adder (D:3)
  A dart slug (D:2)
  2 ball pythons
  5 endoplasms
  A giant cockroach (D:2)
  A goblin (D:1)
  6 hobgoblins
  2 jackals (D:1)
  5 kobolds (D:1)
  2 quokkas
  4 bats
  A frilled lizard (D:1)
  2 rats
34 creatures vanquished.

Vanquished Creatures (others)
  4 toadstools (D:1)
4 creatures vanquished.

Grand Total: 38 creatures vanquished

Notes
Turn   | Place    | Note
-------+----------+-------------------------------------------
     0 | D:1      | Nattfarinn the Kobold Brigand began the quest for the Orb.
     0 | D:1      | Reached XP level 1. HP: 12/12 MP: 1/1
    48 | D:1      | Reached XP level 2. HP: 17/17 MP: 2/2
   287 | D:1      | Noticed a floating eye
   288 | D:1      | Found a faded altar of an unknown god.
   288 | D:1      | Noticed an eye of devastation
   599 | D:1      | Reached XP level 3. HP: 21/21 MP: 3/3
   608 | D:1      | Noticed a great orb of eyes
   637 | D:1      | Noticed a golden eye
  1675 | D:3      | Reached skill level 6 in Stealth
  1675 | D:3      | Reached XP level 4. HP: 26/26 MP: 4/4
  1843 | D:3      | Killed from afar by an orc priest

Illustrated notes

Levels and vault maps discovered:
D:1:      ldierk_walled_garden_2, layout_basic,
          hellmonk_ecumenical_altar_watching_god
D:2:      layout_loops_cross, minmay_tripent
D:3:      layout_basic, trog_hazing_becter, nicolae_dithmenos_shadow_blocks

Skill      XL: |  1  2  3 |
---------------+----------+-----
Short Blades   | 3 4 |  4.6
Stealth        | 6 |  6.0
Fighting       | |  2.1
Throwing       | |  2.1
Dodging        | |  1.2

Action                   |  1- 3 |  4- 6 || total
-------------------------+-------+-------++-------
Melee: Dagger            |    45 |       ||    45
       Short sword       |    21 |     6 ||    27
       Punch             |     1 |       ||     1
 Stab: Sleeping          |    16 |       ||    16
Armor: Robe              |     7 |     1 ||     8
Dodge: Dodged            |    29 |     3 ||    32

Table legend: (Time is in decaauts)
 A = Elapsed time spent in this place.
 B = Non-inter-level travel time spent in this place.
 C = Inter-level travel time spent in this place.
 D = Time resting spent in this place.
 E = Time spent auto-exploring this place.
 F = Levels seen in this place.
 G = Mean time per level.
                   A        B        C        D        E       F      G
               +--------+--------+--------+--------+--------+-----+--------+
         Total |   1836 |   1804 |     32 |      0 |   1607 |   3 |  612.0 |
       Dungeon |   1836 |   1804 |     32 |      0 |   1607 |   3 |  612.0 |
               +--------+--------+--------+--------+--------+-----+--------+

Top non-repeatable levels by time:
     D:1: 976 daAuts
     D:2: 671 daAuts
     D:3: 188 daAuts
